Map: [ESL] Inside and Out

Players

Rhizer

  • Race: Protoss Protoss
  • Spawn Location: 1:00

NightPhoenix - Winner!

  • Race: Protoss Protoss
  • Spawn Location: 7:00

Event: DreamHack SC2 Masters 2022 Valencia

VOD

Have the link to the VOD?

Description

Time

  • Played on: July 1, 2022, 9:22 a.m.
  • Length: 7:04

All games in this series

Show
View Real Time Build Order
Export as new Build Order

Rhizer Protoss 

Build Orders: Oracle Opening 

Get SALT Encoding   

  12  0:00  Probe  
  13  0:12  Probe  
  14  0:19  Pylon  
  14  0:24  Probe  
  15  0:38  Probe (Chrono Boost)  
  15  0:40  Gateway  
  16  0:46  Probe (Chrono Boost)  
  16  0:47  Assimilator  
  17  0:52  Probe  
  17  0:56  Assimilator  
  19  1:04  Probe (Chrono Boost)  
  19  1:16  Pylon, Probe (Chrono Boost)  
  20  1:24  Probe (Chrono Boost)  
  21  1:29  Cybernetics Core  
  21  1:30  Probe  
  22  1:34  Zealot  
  24  1:42  Probe  
  25  1:54  Probe  
  26  2:08  Stargate  
  26  2:09  Stalker  
  26  2:14  Probe  
  29  2:20  Warp Gate  
  29  2:24  Pylon  
  29  2:26  Probe  
  30  2:43  Pylon  
  30  2:46  Shield Battery  
  29  2:52  Oracle (Chrono Boost)  
  32  3:01  Probe  
  33  3:09  Nexus  
  33  3:14  Shield Battery  
  37  3:32  Void Ray  
  37  3:35  Pylon  
  37  3:39  Stalker  
  39  3:50  Robotics Facility  
  39  3:53  Probe (Chrono Boost)  
  41  4:04  Probe (Chrono Boost)  
  41  4:09  Probe (Chrono Boost)  
  42  4:19  Probe (Chrono Boost)  
  42  4:22  Probe (Chrono Boost)  
  48  4:26  Void Ray  
  48  4:30  Probe (Chrono Boost)  
  48  4:31  Probe (Chrono Boost)  
  50  4:35  Probe (Chrono Boost)  
  50  4:36  Probe (Chrono Boost)  
  52  4:40  Observer  
  52  4:45  Probe  
  51  4:48  Probe, Gateway  
  52  4:56  Pylon  
  52  4:57  Probe  
  53  5:00  Probe  
  53  5:03  Immortal (Chrono Boost)  
  58  5:09  Probe  
  58  5:13  Probe, Assimilator  
  60  5:17  Assimilator  
  60  5:23  Stalker  
  55  5:29  Shield Battery  
  55  5:34  Probe x2  
  58  5:46  Void Ray, Pylon  
  58  5:52  Immortal  
  58  5:55  Pylon  
  62  6:04  Probe  
  62  6:10  Pylon  
  59  6:12  Stalker  
  59  6:13  Stalker  
  63  6:19  Shield Battery  
  56  6:36  Zealot  
  56  6:37  Zealot  
  54  6:41  Probe  
  54  6:42  Shield Battery  
  55  7:00  Pylon  
Show
View Real Time Build Order
Export as new Build Order

NightPhoenix Protoss - Winner!

Build Orders: Blink Stalkers 

Get SALT Encoding   

  12  0:00  Probe  
  13  0:12  Probe  
  14  0:18  Pylon  
  14  0:24  Probe (Chrono Boost)  
  15  0:37  Probe (Chrono Boost), Gateway  
  16  0:45  Probe (Chrono Boost)  
  16  0:46  Assimilator  
  17  0:51  Probe  
  17  0:54  Assimilator  
  18  1:03  Probe (Chrono Boost)  
  19  1:10  Gateway  
  19  1:14  Probe (Chrono Boost)  
  20  1:19  Probe (Chrono Boost)  
  20  1:25  Cybernetics Core  
  21  1:29  Probe  
  22  1:34  Pylon  
  22  1:41  Probe  
  23  1:54  Probe  
  24  2:01  Stalker x2  
  24  2:02  Warp Gate  
  28  2:13  Cybernetics Core  
  28  2:16  Pylon  
  28  2:45  Stalker  
  28  2:50  Twilight Council  
  30  2:52  Pylon  
  30  3:00  Stalker  
  31  3:14  Nexus  
  31  3:19  Probe, Blink (Chrono Boost)  
  32  3:31  Probe  
  33  3:37  Pylon  
  33  3:43  Probe  
  34  3:52  Stalker  
  36  3:56  Stalker  
  36  3:59  Probe  
  39  4:10  Pylon  
  39  4:11  Probe  
  40  4:17  Gateway  
  40  4:24  Probe  
  41  4:27  Probe  
  42  4:33  Stalker  
  42  4:36  Probe  
  45  4:39  Stalker  
  45  4:45  Probe  
  48  4:48  Probe  
  49  4:54  Gateway  
  49  4:57  Gateway  
  49  5:01  Probe  
  49  5:02  Probe  
  49  5:06  Pylon  
  51  5:13  Probe  
  51  5:14  Probe  
  51  5:30  Stalker x2  
  51  5:31  Stalker, Gateway  
  57  5:44  Probe x2  
  59  5:52  Stalker  
  59  5:54  Stalker x3  
  55  6:07  Stalker  
  53  6:16  Stalker x3  
  53  6:17  Stalker  
  59  6:31  Stalker x2  
  57  6:35  Stalker x2  
  59  6:43  Stalker x2  
  57  6:55  Stalker x2  
  61  7:02  Stalker  

Tags
 
Add a new tag
Caveats
  • Supply blocks, unpowered buildings, or Contaminate may cause inaccurate times.
  • Supply counts are checked every 10 seconds.